 Dungeon Crawl Stone Soup version 0.17-a0-186-g8d083fd (webtiles) character file.

4354 HAL9000 the Transmogrifier (level 10, -1/81 HPs)
             Began as a Black Draconian Transmuter on Mar 26, 2015.
             Was a Believer of Kikubaaqudgha.
             Slain by HAL9000's ghost (6 damage)
             ... on level 9 of the Dungeon.
             The game lasted 00:34:51 (12908 turns).

HAL9000 the Transmogrifier (DrTm)                  Turns: 12908, Time: 00:34:51

Health: -1/81      AC:  8    Str: 12    XL:     10   Next: 12%
Magic:  15/24      EV: 17    Int: 17    God:    Kikubaaqudgha [**....]
Gold:   419        SH:  0    Dex: 17    Spells: 7 memorised, 3 levels left

rFire  . . .     SeeInvis .       - Unarmed
rCold  . . .     Clarity  .     (armour unavailable)
rNeg   . . .     SustAb   .     (shield currently unavailable)
rPois  .         Gourm    .     (helmet restricted)
rElec  +         Spirit   .     C - +0 cloak (curse)
rCorr  .         Warding  .     (gloves currently unavailable)
rMut   .         Stasis   .     (no boots)
MR     .....                    p - amulet of rage
Stlth  ++........               (no ring)
                                (no ring)

@: agile, blade hands, heavily drained, not resistant to hostile enchantments,
unstealthy
A: breathe lightning, unfitting armour, hooves 1, horns 1, electricity
resistance, cold-blooded, AC +7
a: Breathe Lightning, End Transformation, Receive Corpses, Renounce Religion,
Evoke Berserk Rage


You were on level 9 of the Dungeon.
You worshipped Kikubaaqudgha.
Kikubaaqudgha was pleased with you.
You were hungry.
You had blades for hands.
You visited 2 branches of the dungeon, and saw 10 of its levels.

You collected 419 gold pieces.

Inventory:

Hand weapons
 O - a +0 blowgun
Missiles
 b - 46 arrows
 Q - a poisoned arrow
Armour
 C - a cursed +0 cloak (worn)
Jewellery
 p - an amulet of rage (around neck)
Magical devices
 t - a wand of slowing (1)
 x - a wand of random effects (26)
 y - a wand of paralysis (10)
 B - a wand of fireball (6)
 G - a wand of slowing (29)
 I - a wand of slowing (29)
 R - a wand of slowing (13)
 S - a wand of draining (8)
Scrolls
 q - a scroll of fear
 A - a scroll of remove curse
Potions
 F - a potion of restore abilities
 H - a potion of brilliance
 J - 2 potions of cancellation
Books
 d - a book of Changes

   Spells                             Type                      Level
   a - Beastly Appendage              Transmutation                1
   b - Sticks to Snakes               Transmutation                2
   c - Spider Form                    Transmutation/Poison         3
   d - Ice Form                       Ice/Transmutation            4
   e - Blade Hands                    Transmutation                5
 N - Kikubaaqudgha's Guide on Unholy Secrets {god gift}
   (Kikubaaqudgha gifted it to you on level 7 of the Dungeon)

   Spells                             Type                      Level
   a - Animate Skeleton               Necromancy                   1
   b - Corpse Rot                     Necromancy                   2
   c - Sublimation of Blood           Necromancy                   2
   d - Regeneration                   Charms/Necromancy            3
   e - Control Undead                 Necromancy                   4
Comestibles
 a - 4 bread rations
 D - 2 beef jerkies
 K - 7 slices of pizza


   Skills:
 - Level 5.2(4.0) Fighting
 - Level 2.0(0.9) Dodging
 - Level 7.2(5.9) Unarmed Combat
 + Level 6.9(5.7) Spellcasting
 + Level 2.7(1.6) Charms
 + Level 3.1(2.0) Necromancy
 + Level 9.0(7.7) Transmutations


You had 3 spell levels left.
You knew the following spells:

 Your Spells              Type           Power        Failure   Level  Hunger
a - Beastly Appendage     Trmt           ####..       14%         1    None
b - Sticks to Snakes      Trmt           ####......   14%         2    #......
c - Spider Form           Trmt/Pois      ###.......   45%         3    ##.....
d - Ice Form              Ice/Trmt       ###.....     73%         4    ####...
e - Blade Hands           Trmt           ####......   58%         5    ######.
f - Animate Skeleton      Necr           N/A          45%         1    None
R - Regeneration          Chrm/Necr      ##........   63%         3    ##.....


Dungeon Overview and Level Annotations

Branches:
Dungeon (9/15)             Temple (1/1) D:6
   Lair: D:8-11         Orc: D:9-12

Altars:
Ashenzari
Cheibriados
Dithmenos
Fedhas
Gozag
Kikubaaqudgha
Makhleb
Nemelex Xobeh
Okawaru
Qazlal
Ru
Sif Muna
Trog
Vehumet
Xom
Yredelemnul
The Shining One

Annotations:
D:9 HAL9000's ghost, experienced DrTm


Innate Abilities, Weirdness & Mutations

You can breathe wild blasts of lightning.
Your glossy black scales are hard (AC +7).
Your body does not fit into most forms of armour.
You are resistant to electric shocks.
You are cold-blooded and may be slowed by cold attacks.
You have large cloven feet.
You have a pair of small horns on your head.


Message History

Drink which item? (? for menu, Esc to quit)
Okay, then.
You hit HAL9000's ghost! Your kick misses HAL9000's ghost.
You headbutt HAL9000's ghost.
HAL9000's ghost is severely damaged.
Your skin stops crawling.
HAL9000's ghost hits you.
* * * LOW HITPOINT WARNING * * *
Your adder skeleton completely misses HAL9000's ghost.
The orc closely misses you.
Use which ability? (? or * to list)
Okay, then.
Drink which item? (? for menu, Esc to quit)
Okay, then.
Drink which item? (? for menu, Esc to quit)
It was a potion of agility.
You feel agile all of a sudden. HAL9000's ghost hits you.
You die...
Kikubaaqudgha rasps: "You have failed me!
Welcome... death!"

###.#.##)####.<.....
#.##.............##.###
#......###.###...# #
#[##.##.# #.# ...... #.
#.# #.#.##.##. ##.##.#
#<.........
#.##.....####..##.##.
.......Z.†.....#[#.
#####.W@?#######..
...$...o#.# #.#
######.#.# .. #.#.#
#.#.# #.#.# #.#.# #.#.#
. .


You could see HAL9000's ghost, an orc and a friendly adder skeleton.

Vanquished Creatures
  The ghost of HAL9000 the Changer, an experienced DrTm of Kikubaaqudgha (D:8)
  The ghost of HAL9000 the Insei, an average DrTm (D:4)
  A human (D:7)
  A hog (D:7)
  A yak (D:7)
  A water moccasin (D:6)
  4 orc warriors
  3 ogres
  2 sky beasts
  A phantom (D:4)
  A necrophage (D:6)
  2 centaurs
  A big kobold (D:8)
  Sigmund (D:3)
  Duvessa (D:6)
  A crocodile (D:8)
  2 scorpions (D:4)
  3 hounds
  Dowan (D:6)
  3 crimson imps
  A quasit (D:7)
  3 orc priests
  2 giant frog skeletons
  A centaur skeleton (D:8)
  4 orc wizards
  2 iguanas
  2 sheep (D:7)
  7 worker ants
  A sky beast zombie (D:7)
  Ijyb (D:5)
  3 hound skeletons
  A mummy (D:7)
  6 adders
  9 gnolls
  4 shadow imps
  A worm (D:2)
  An adder skeleton (D:7)
  3 giant geckos
  3 oozes
  22 orcs
  A bat skeleton (D:7)
  6 giant cockroaches
  18 hobgoblins
  14 jackals
  2 quokkas
  2 ball pythons
  12 bats
  4 giant newts
  A giant spore (D:6)
  13 goblins
  14 kobolds
  A quokka skeleton (D:4)
  11 rats
  A ballistomycete (D:7)
209 creatures vanquished.

Vanquished Creatures (collateral kills)
  A trapdoor spider zombie (D:7)
  Edmund (D:6)
  An ice beast (D:4)
  A phantom (D:7)
  A giant frog (D:7)
  A goliath beetle (D:6)
  A worker ant (D:4)
  A hound (D:7)
  3 adders
  An orc (D:7)
  A bat zombie (D:7)
  2 giant cockroaches (D:4)
  A hobgoblin (D:7)
  A quokka (D:7)
  2 rats
19 creatures vanquished.

Vanquished Creatures (others)
  A giant spore (D:7)
  A goblin (D:6)
2 creatures vanquished.

Grand Total: 230 creatures vanquished

Notes
Turn   | Place    | Note
--------------------------------------------------------------
     0 | D:1      | HAL9000, the Draconian Transmuter, began the quest for the Orb.
     0 | D:1      | Reached XP level 1. HP: 16/16 MP: 3/3
   516 | D:1      | Reached XP level 2. HP: 18/23 MP: 4/4
   851 | D:2      | Found an iron altar of Okawaru.
  1168 | D:2      | Reached XP level 3. HP: 27/29 MP: 6/6
  1179 | D:2      | Found a basalt altar of Yredelemnul.
  1441 | D:2      | Found a shattered altar of Ashenzari.
  1994 | D:2      | Learned a level 2 spell: Sticks to Snakes
  2272 | D:2      | Found a sparkling altar of Nemelex Xobeh.
  2450 | D:2      | Reached XP level 4. HP: 33/36 MP: 6/8
  2906 | D:2      | Learned a level 3 spell: Spider Form
  2916 | D:3      | Reached XP level 5. HP: 30/42 MP: 6/10
  2919 | D:3      | Reached skill level 4 in Unarmed Combat
  3050 | D:3      | Found a shadowy altar of Dithmenos.
  3201 | D:3      | Noticed Sigmund
  3257 | D:3      | Gained mutation: You have a pair of large horns on your head. [potion of mutation]
  3257 | D:3      | Gained mutation: You are resistant to electric shocks. [potion of mutation]
  3257 | D:3      | Gained mutation: You have large cloven feet. [potion of mutation]
  3267 | D:3      | Killed Sigmund
  3478 | D:3      | Learned a level 4 spell: Ice Form
  4118 | D:4      | Reached XP level 6. HP: 13/51 MP: 10/13
  4402 | D:4      | Noticed HAL9000's ghost (average DrTm)
  5686 | D:4      | Noticed an ogre
  5692 | D:4      | Killed an ogre
  5878 | D:4      | Noticed a phantom
  5899 | D:4      | Killed a phantom
  5899 | D:4      | Your scales start taking on a glossy black colour.
  5899 | D:4      | Mutation became permanent: You are resistant to electric shocks. [draconian maturity]
  5899 | D:4      | Reached XP level 7. HP: 30/59 MP: 3/15
  6147 | D:4      | Killed HAL9000's ghost
  6147 | D:4      | Reached skill level 5 in Unarmed Combat
  6497 | D:4      | Noticed an ice beast
  6514 | D:4      | Killed an ice beast
  6802 | D:4      | Reached skill level 5 in Transmutations
  7029 | D:5      | Entered Level 5 of the Dungeon
  7075 | D:5      | Reached skill level 5 in Fighting
  7075 | D:5      | Reached XP level 8. HP: 57/68 MP: 15/18
  7312 | D:5      | Noticed Ijyb
  7326 | D:5      | Killed Ijyb
  7555 | D:5      | Learned a level 5 spell: Blade Hands
  7974 | D:6      | Found a radiant altar of Vehumet.
  8015 | D:6      | Found a basalt altar of Yredelemnul.
  8086 | D:6      | Found a burning altar of Makhleb.
  8302 | D:6      | Reached skill level 5 in Spellcasting
  8326 | D:6      | Reached skill level 6 in Unarmed Combat
  8494 | D:6      | Found a staircase to the Ecumenical Temple.
  8601 | Temple   | Entered the Ecumenical Temple
  8857 | D:6      | Found an ancient bone altar of Kikubaaqudgha.
  8875 | D:6      | Became a worshipper of Kikubaaqudgha
  9016 | D:6      | Noticed Edmund
  9032 | D:6      | Noticed Duvessa
  9034 | D:6      | Killed Edmund
  9039 | D:6      | Killed Duvessa
  9042 | D:6      | Noticed Dowan
  9068 | D:6      | Killed Dowan
  9564 | D:6      | Reached skill level 7 in Transmutations
  9889 | D:7      | Reached XP level 9. HP: 43/74 MP: 4/21
 10242 | D:7      | Reached skill level 8 in Transmutations
 10614 | D:7      | Acquired Kikubaaqudgha's first power
 10614 | D:7      | Received a gift from Kikubaaqudgha
 10620 | D:7      | Identified Kikubaaqudgha's Guide on Unholy Secrets {god gift} (Kikubaaqudgha gifted it to you on level 7 of the Dungeon)
 10686 | D:7      | Learned a level 1 spell: Animate Skeleton
 10690 | D:7      | Learned a level 3 spell: Regeneration
 11015 | D:7      | Reached skill level 1 in Necromancy
 11057 | D:8      | Noticed HAL9000's ghost (experienced DrTm)
 11185 | D:7      | Reached skill level 1 in Charms
 11319 | D:8      | Killed HAL9000's ghost
 12191 | D:8      | Reached XP level 10. HP: 59/81 MP: 24/24
 12296 | D:8      | Found an opulent altar of Gozag.
 12311 | D:8      | Acquired Kikubaaqudgha's second power
 12322 | D:8      | Reached skill level 9 in Transmutations
 12507 | D:8      | Found a snail-covered altar of Cheibriados.
 12889 | D:9      | Noticed HAL9000's ghost (experienced DrTm)
 12908 | D:9      | Slain by HAL9000's ghost

Action                   |  1- 3 |  4- 6 |  7- 9 | 10-12 || total
-------------------------+-------+-------+-------+-------++-------
Melee: Unarmed           |   163 |   218 |   414 |   129 ||   924
 Cast: Beastly Appendage |    26 |     8 |       |       ||    34
       Sticks to Snakes  |     2 |    26 |    56 |       ||    84
       Spider Form       |       |     6 |    15 |       ||    21
       Blade Hands       |       |       |     5 |     5 ||    10
       Regeneration      |       |       |       |     2 ||     2
       Animate Skeleton  |       |       |       |     1 ||     1
Invok: Receive Corpses   |       |       |       |     1 ||     1
 Abil: End Transformatio |       |     3 |     9 |       ||    12
       Breathe Lightning |       |       |    10 |     1 ||    11
       Evoke Berserk Rag |       |       |     1 |       ||     1
Evoke: Wand              |       |     2 |       |       ||     2
  Use: Potion            |       |     6 |     2 |     1 ||     9
       Scroll            |       |     6 |     5 |       ||    11
 Stab: Distracted        |       |     1 |     2 |       ||     3
  Eat: Chunk             |     6 |     2 |    19 |     4 ||    31
       Pizza             |       |     1 |     3 |       ||     4
       Meat ration       |       |     1 |       |       ||     1
       Bread ration      |       |     1 |       |       ||     1
       Fruit             |       |       |     2 |       ||     2
       Beef jerky        |       |       |     1 |       ||     1
